 Dungeon Crawl Stone Soup version 0.20.1-1-g8b1a95d66d (webtiles) character file.

778 Popi the Covered (level 8, -3/61 HPs)
             Began as a Human Fighter on Dec 18, 2017.
             Was an Initiate of the Shining One.
             Slain by an ogre
             ... wielding a +0 giant club
              (11 damage)
             ... on level 5 of the Dungeon.
             The game lasted 00:09:41 (6527 turns).

Popi the Covered (Human Fighter)                    Turns: 6527, Time: 00:09:42

Health: -3/61      AC: 14    Str: 18    XL:     8   Next: 10%
Magic:  8/8        EV:  7    Int: 10    God:    the Shining One [......]
Gold:   151        SH:  2    Dex: 12    Spells: 7/7 levels left

rFire    . . .     SeeInvis .   a - +0 long sword
rCold    . . .     Gourm    .   (no shield)
rNeg     . . .     Faith    .   u - +0 plate armour
rPois    .         Spirit   .   t - +2 hat
rElec    .         Reflect  +   (no cloak)
rCorr    .         Harm     .   (no gloves)
MR       .....                  (no boots)
Stlth    ..........             g - +2 amulet of reflection
Regen    0.2/turn               (no ring)
MPRegen  0.2/turn               (no ring)

@: lethally poisoned (-3 -> -3), glowing
A: no striking features
a: Renounce Religion


You were on level 5 of the Dungeon.
You worshipped the Shining One.
The Shining One was noncommittal.
You were not hungry.

You visited 2 branches of the dungeon, and saw 6 of its levels.

You collected 151 gold pieces.

Inventory:

Hand Weapons
 a - a +0 long sword (weapon)
Armour
 t - a +2 hat (worn)
 u - a +0 plate armour (worn)
Jewellery
 g - a +2 amulet of reflection (around neck)
Wands
 s - a wand of confusion (26/48)
Scrolls
 b - a scroll of remove curse {unknown}
 c - 3 scrolls of magic mapping {unknown}
 i - 4 scrolls of enchant weapon {unknown}
 j - 5 scrolls of teleportation {unknown}
 l - 4 scrolls of blinking {unknown}
 o - 6 scrolls of identify {unknown}
 p - 3 scrolls of fog {unknown}
 q - a scroll of noise {unknown}
Potions
 d - 3 potions of might
 e - 2 potions of magic {unknown}
 h - 2 potions of curing {unknown}
 m - a potion of invisibility {unknown}
 n - 2 potions of haste {unknown}
 r - a potion of brilliance {unknown}
 w - a potion of resistance {unknown}
Comestibles
 f - 8 bread rations
 k - 4 fruits


   Skills:
 + Level 4.3 Fighting
 + Level 5.3 Long Blades
 + Level 5.4 Armour
 * Level 3.6 Dodging
   Level 3.0 Shields


You had 7 spell levels left.
You didn't know any spells.

Dungeon Overview and Level Annotations

Branches:
Dungeon (5/15)             Temple (1/1) D:5

Altars:
Ashenzari
Cheibriados
Dithmenos
Elyvilon
Fedhas
Gozag
Hepliaklqana
Kikubaaqudgha
Makhleb
Nemelex Xobeh
Okawaru
Qazlal
Ru
Sif Muna
Trog
Uskayaw
Vehumet
Xom
Yredelemnul
Zin
The Shining One

Annotations:
D:4 monokles's ghost, amateur DsAM


Message History

* * * LOW HITPOINT WARNING * * *
You feel sick.
You feel much better. The ogre barely misses you.
Your plate armour prevents you from hitting the ogre.
The ogre barely misses you.
You barely miss the ogre.
You feel sick.
You hit the ogre.
The ogre is moderately wounded.
The ogre barely misses you.
You hit the ogre but do no damage.
The ogre is moderately wounded.
The ogre hits you with a giant club.
* * * LOW HITPOINT WARNING * * *
Your plate armour prevents you from hitting the ogre.
The ogre is moderately wounded.
The ogre barely misses you.
You barely miss the ogre.
The ogre is moderately wounded.
You feel sick. The ogre hits you with a giant club!
You die...

.. # .# #. #.# #.#
##..# #.# #..###...##
###.#
##.(.......####...##
.....................##
# #..
#.O....>.......####
#...
##@....####........
#...# #...### ##....#
## #...#
##....####.....#
.....##..........##..#
#....#####...###..## #
##...## ##..# ##..# #
#....## ##.####..###
#.....# ##...##...#.
#...#..## #...........


You could see an ogre.

Vanquished Creatures
  A phantom (D:4)
  An ogre (D:4)
  A centaur (D:5)
  2 scorpions
  A crimson imp (D:5)
  A centaur skeleton (D:4)
  2 orc wizards
  An orc priest (D:4)
  A worker ant (D:4)
  Robin (D:3)
  7 adders
  A shadow imp (D:5)
  6 worms
  3 dart slugs
  4 leopard geckos
  20 orcs
  3 ball pythons
  9 bats
  3 giant cockroaches
  13 goblins
  13 hobgoblins
  9 jackals
  14 kobolds
  3 quokkas
  7 frilled lizards
  A leopard gecko zombie (D:5)
  11 rats
139 creatures vanquished.

Notes
Turn   | Place    | Note
-------+----------+-------------------------------------------
     0 | D:1      | Popi the Human Fighter began the quest for the Orb.
     0 | D:1      | Reached XP level 1. HP: 18/18 MP: 1/1
   131 | D:1      | Reached XP level 2. HP: 13/24 MP: 2/2
   553 | D:1      | Reached XP level 3. HP: 29/29 MP: 3/3
   707 | D:2      | Reached skill level 1 in Dodging
  1460 | D:2      | Reached XP level 4. HP: 35/35 MP: 4/4
  2115 | D:3      | Reached XP level 5. HP: 39/41 MP: 5/5
  2124 | D:3      | Found a glowing silver altar of Zin.
  2134 | D:3      | Found a hide-covered altar of Uskayaw.
  2697 | D:3      | Noticed Robin
  3142 | D:2      | Reached XP level 6. HP: 46/48 MP: 6/6
  3153 | D:3      | Killed Robin
  3797 | D:4      | Noticed a phantom
  3831 | D:4      | Killed a phantom
  3831 | D:4      | Reached XP level 7. HP: 46/54 MP: 7/7
  3832 | D:4      | Noticed monokles's ghost (amateur DsAM)
  4701 | D:4      | Found a sacrificial altar of Ru.
  4763 | D:4      | Found a blossoming altar of Fedhas.
  5224 | D:4      | Reached skill level 5 in Armour
  5676 | D:5      | Entered Level 5 of the Dungeon
  5746 | D:5      | Found a deep blue altar of Sif Muna.
  5835 | D:5      | Reached skill level 5 in Long Blades
  5972 | D:5      | Found a staircase to the Ecumenical Temple.
  5993 | Temple   | Entered the Ecumenical Temple
  6018 | Temple   | Became a worshipper of the Shining One
  6231 | D:5      | Reached XP level 8. HP: 43/60 MP: 8/8
  6519 | D:5      | HP: 1/61 [ogre/giant club (6)]
  6527 | D:5      | Slain by an ogre

Skill      XL: |  1  2  3  4  5  6  7 |
---------------+----------------------+-----
Dodging        | 1 2 3 |  3.6
Long Blades    | 3 4 5 |  5.3
Armour         | 4 5 |  5.4
Fighting       | 4 |  4.3
Shields        | |  3.0

Action                   |  1- 3 |  4- 6 |  7- 9 || total
-------------------------+-------+-------+-------++-------
Melee: Long sword        |   116 |   224 |   184 ||   524
  Use: Potion            |       |     1 |     1 ||     2
  Eat: Chunk             |     1 |     9 |     9 ||    19
Armor: Scale mail        |    55 |   106 |    42 ||   203
       Plate armour      |       |       |    61 ||    61
Dodge: Dodged            |    76 |   158 |    84 ||   318
Block: Other             |       |       |     2 ||     2
       Rpst.: Long sword |    26 |    50 |    22 ||    98
